 Dungeon Sprint DCSS version 0.30-a0-219-gf2db51d15e (webtiles) character file.

Game seed: 3562645965235665483

190 rocky1 the Conjurer (level 5, -9/72 HPs)
             Began as a Draconian Conjurer on Oct 8, 2022.
             Was a Priest of Vehumet.
             Killed by divine providence
             ... invoked by an orc priest
              (12 damage)
             ... in the Dungeon (Sprint VII: "The Pits").
             The game lasted 00:02:46 (421 turns).

rocky1 the Conjurer (Draconian Conjurer)             Turns: 421, Time: 00:02:46

Health: -9/72      AC:  5    Str:  9    XL:     5   Next: 41%
Magic:  3/12       EV: 13    Int: 20    God:    Vehumet [***...]
Gold:   0          SH:  0    Dex: 10    Spells: 10/13 levels left

rFire   . . .      SeeInvis .    b - +1 quarterstaff (speed)
rCold   . . .      Faith    .    (shield currently unavailable)
rNeg    . . .      Spirit   .    (body armour unavailable)
rPois   .          Reflect  .    (helmet restricted)
rElec   .          Harm     .    (no cloak)
rCorr   .          Rampage  .    (no gloves)
Will    .....      NoTele   +    (no boots)
Stlth   ..........               (no amulet)
HPRegen 0.32/turn                (no ring)
MPRegen 0.13/turn                (no ring)

@: berserking, very quick
A: AC +5, unfitting armour, cold-blooded
a: Renounce Religion


You were in the Dungeon.
You worshipped Vehumet.
Vehumet was most pleased with you.
You visited 1 branch

Inventory:

Hand Weapons
 b - a +1 quarterstaff of speed (weapon)
 j - a +2 quarterstaff
Scrolls
 f - a scroll of blinking
 h - 5 scrolls of amnesia
 i - a scroll of summoning
Potions
 a - 5 potions of magic
 c - 5 potions of heal wounds
 d - a potion of haste
 e - a potion of berserk rage
 g - 2 potions of invisibility
 k - 5 potions of curing


   Skills:
 + Level 5.2 Fighting
 + Level 4.8 Dodging
 + Level 5.2 Stealth
 + Level 4.9 Spellcasting
 + Level 6.4 Conjurations


You had 10 spell levels left.
You knew the following spells:

 Your Spells              Type           Power      Damage    Failure   Level
a - Magic Dart            Conj           100%       1d8       1%          1
b - Searing Ray           Conj           60%        2d6       1%          2

Your spell library contained the following spells:

 Spells                   Type           Power      Damage    Failure   Level
 Static Discharge         Conj/Air       34%        2-4/arc   1%          2
 Dazzling Flash           Conj/Hex       34%        N/A       2%          3
 Fulminant Prism          Conj/Hex       8%         3d7       9%          4
 Iskenderun's Mystic Bla  Conj/Tloc      17%        2d5       9%          4


Dungeon Overview and Level Annotations

Branches:
Dungeon (1/1)

Altars:
Ashenzari
Cheibriados
Dithmenos
Elyvilon
Fedhas
Gozag
Hepliaklqana
Kikubaaqudgha
Makhleb
Nemelex Xobeh
Okawaru
Qazlal
Ru
Sif Muna
Trog
Uskayaw
Vehumet
Wu Jian
Xom
Yredelemnul
Zin
The Shining One
Jiyva
Lugonu


Innate Abilities, Weirdness & Mutations

Your plain brown scales are hard. (AC +5)
You cannot fit into any form of body armour.
You are cold-blooded and may be slowed by cold attacks.


Message History

* * * LOW HITPOINT WARNING * * *
You thump the orc warrior! You tail-slap the orc warrior.
The orc warrior is almost dead.
Unknown command.
You barely miss the orc warrior.
The orc warrior is almost dead.
The orc priest calls upon Beogh to heal the orc warrior.
The orc warrior is healed somewhat.
The orc warrior hits you with a +0 trident.
* * * LOW HITPOINT WARNING * * *
You hit the orc warrior.
The orc warrior is almost dead.
The orc warrior barely misses you.
Unknown command.
You barely miss the orc warrior.
The orc warrior is almost dead.
You barely miss the orc warrior. You tail-slap the orc warrior.
You kill the orc warrior!
Vehumet accepts your kill.
You feel your power returning.
A river rat comes into view.
Your Fighting skill increases to level 4!
Your Dodging skill increases to level 4!
Your Stealth skill gained 2 levels and is now at level 5!
Your Spellcasting skill increases to level 4!
Your Conjurations skill increases to level 6!
You have reached level 5!
You sock the orc priest!
You kill the orc priest!
Vehumet accepts your kill.
You feel your power returning.
Your Fighting skill increases to level 5!
Unknown command.
You are too berserk!
The orc priest mumbles some strange prayers to Beogh against you.
Beogh smites you!
* * * LOW HITPOINT WARNING * * *
The orc priest invokes the aid of Beogh against you.
Beogh smites you!
You die...

#..........)'.....
#'#####)#####.....
#.#..#..#..##.....
#.#.††..#))#####'#
#.#..####))##.....
#.#..#..#.)##.....
#.#..#..#[[##.....
#.##'#..#'###...<.
#@#........##.....
#.#........##.....
#o###########.....


#Mo ###### #o.# #r## #.. #.# #oo You could see a mummy, 3 orc priests and a
river rat.

Vanquished Creatures
  An orc warrior (D)
  A scorpion (D)
  An orc priest (D)
  An adder skeleton (D)
  An orc (D)
  2 ball pythons (D)
  2 endoplasms (D)
  A giant cockroach (D)
  A goblin (D)
  A frilled lizard (D)
  A rat (D)
13 creatures vanquished.

Notes
Turn   | Place    | Note
-------+----------+-------------------------------------------
     0 | D        | rocky1 the Draconian Conjurer began the quest for the Orb.
     0 | D        | Reached XP level 1. HP: 14/14 MP: 3/3
    40 | D        | Found a bloodstained altar of Trog.
    40 | D        | Found a shimmering blue altar of Sif Muna.
    40 | D        | Found a viscous altar of Jiyva.
    40 | D        | Found a hazy altar of Hepliaklqana.
    40 | D        | Found an opulent altar of Gozag.
    41 | D        | Found a glowing golden altar of the Shining One.
    41 | D        | Found a glowing silver altar of Zin.
    41 | D        | Found a basalt altar of Yredelemnul.
    41 | D        | Found a shimmering altar of Xom.
    41 | D        | Found an ornate altar of the Wu Jian Council.
    41 | D        | Found a sacrificial altar of Ru.
    41 | D        | Found a stormy altar of Qazlal.
    41 | D        | Found an iron altar of Okawaru.
    41 | D        | Found a sparkling altar of Nemelex Xobeh.
    41 | D        | Found a burning altar of Makhleb.
    41 | D        | Found a blossoming altar of Fedhas.
    41 | D        | Found a white marble altar of Elyvilon.
    41 | D        | Found a shadowy altar of Dithmenos.
    41 | D        | Found a snail-covered altar of Cheibriados.
    45 | D        | Found a corrupted altar of Lugonu.
    45 | D        | Found a radiant altar of Vehumet.
    46 | D        | Found a broken altar of Ashenzari.
    46 | D        | Found an ancient bone altar of Kikubaaqudgha.
    46 | D        | Found a hide-covered altar of Uskayaw.
    57 | D        | Became a worshipper of Vehumet
    73 | D        | Noticed a scorpion
    79 | D        | Killed a scorpion
    80 | D        | Reached skill level 5 in Conjurations
    80 | D        | Reached XP level 2. HP: 26/26 MP: 0/6
    80 | D        | Reached XP level 3. HP: 31/31 MP: 0/8
   242 | D        | Learned a level 2 spell: Searing Ray
   245 | D        | Reached * piety under Vehumet
   245 | D        | Offered knowledge of Shock by Vehumet.
   296 | D        | Reached ** piety under Vehumet
   303 | D        | Reached XP level 4. HP: 38/38 MP: 5/9
   399 | D        | Noticed an orc warrior
   410 | D        | Offered knowledge of Static Discharge by Vehumet.
   410 | D        | Reached *** piety under Vehumet
   419 | D        | Killed an orc warrior
   420 | D        | Reached skill level 5 in Stealth
   420 | D        | Reached skill level 6 in Conjurations
   420 | D        | Reached XP level 5. HP: 12/47 MP: 2/12
   421 | D        | Reached skill level 5 in Fighting
   421 | D        | HP: 3/72 [orc priest/divine providence (10)]
   421 | D        | Killed from afar by an orc priest

Illustrated notes

Levels and vault maps discovered:
D:        pitsprint [storerooms_1, entrance_room_1, metal_vault_5, armoury_2,
          mini_pit_1, grid_room_1, main_hall_1, silver_pit, the_coven_1,
          the_vestibule_1, steel_vault_3, golden_pit, hallway_of_sentries,
          crystal_vault_2, iron_vault_3, final_vault]

Skill      XL: |  1  2  3  4  5 |
---------------+----------------+-----
Dodging        | 3 4 |  4.8
Stealth        | 3 5 |  5.2
Fighting       | 3 4 5 |  5.2
Spellcasting   | 3 4 |  4.9
Conjurations   | 5 6 |  6.4

Action                   |  1- 3 |  4- 6 || total
-------------------------+-------+-------++-------
Melee: Quarterstaff      |     6 |     8 ||    14
       Tailslap          |     2 |     2 ||     4
 Cast: Magic Dart        |     9 |     7 ||    16
       Searing Ray       |     1 |     1 ||     2
  Use: Potion            |     2 |     2 ||     4
Armor: Skin              |     1 |       ||     1
Dodge: Dodged            |     4 |     4 ||     8

Table legend: (Time is in decaauts)
 A = Elapsed time spent in this place.
 B = Non-inter-level travel time spent in this place.
 C = Inter-level travel time spent in this place.
 D = Time resting spent in this place.
 E = Time spent auto-exploring this place.
 F = Levels seen in this place.
 G = Mean time per level.
                   A        B        C        D        E       F      G
               +--------+--------+--------+--------+--------+-----+--------+
         Total |    433 |    411 |     22 |    244 |      0 |   1 |  433.0 |
       Dungeon |    433 |    411 |     22 |    244 |      0 |   1 |  433.0 |
               +--------+--------+--------+--------+--------+-----+--------+

Top non-repeatable levels by time:
       D: 433 daAuts
